 Dungeon Crawl Stone Soup version 0.32-a0-986-ga09f62fbf4 (webtiles) character file.

Game seed: 1813001368065474818

53 elagabalus the Sneak (level 3, 0/16 HPs)
             Began as a Vine Stalker Enchanter on Apr 21, 2024.
             Slain by Robin
             ... wielding a +1 spear of flaming
              (2 damage)
             ... on level 3 of the Dungeon.
             The game lasted 00:11:00 (1176 turns).

elagabalus the Sneak (Vine Stalker Enchanter)       Turns: 1176, Time: 00:11:00

Health: 0/16       AC:  0    Str: 10    XL:     3   Next: 89%
Magic:  0/7        EV: 13    Int: 15    God:
Gold:   144        SH:  0    Dex: 16    Spells: 1/6 levels left

rFire   . . .        f - melded +2 rapier (venom)
rCold   . . .        (shield currently unavailable)
rNeg    . . .        b - melded +1 robe
rPois   .            (helmet currently unavailable)
rElec   .            e - melded scarf {+Inv}
rCorr   .            (gloves currently unavailable)
SInv    .            j - melded +3 pair of mountain boots {steadfast, rC+}
Will    .....        (no amulet)
Stlth   +++          (ring currently unavailable)
HPRegen 1.02/turn    (ring currently unavailable)
MPRegen 0.10/turn

%: guardian spirit
@: pig-form (expiring), very quick
A: fast, no casting, small, (fangs 2), regeneration 1, magic shield, (antimagic
bite), no potion heal 2
a: no special abilities


You were on level 3 of the Dungeon.
You were a filthy swine.
You visited 1 branch of the dungeon, and saw 3 of its levels.

You collected 144 gold pieces.

Inventory:

Hand Weapons
 a - a +1 dagger
 f - a +2 rapier of venom (melded)
 h - a +2 great mace of venom
Armour
 b - a +1 robe (melded)
 e - a scarf of invisibility (melded)
 j - the +3 pair of mountain boots (melded) {steadfast, rC+}
   (You acquired it on level 2 of the Dungeon)

   Steadfast: It prevents involuntary movement, except for blinking,
   teleportation, or banishment.
   rC+:       It protects you from cold.
 k - an orb of light
 m - a scarf of harm
Scrolls
 d - a scroll of enchant armour
 i - 2 scrolls of identify
 l - a scroll of fog {unknown}
Potions
 c - 2 potions of invisibility
 g - a potion of resistance
 n - a potion of curing


   Skills:
 * Level 3.0 Short Blades
 - Level 1.5 Dodging
 - Level 4.0 Stealth
 - Level 2.1 Spellcasting
 - Level 3.0 Hexes


You had one spell level left.
You knew the following spells:

 Your Spells              Type           Power      Damage    Failure   Level
a - Ensorcelled Hibernat  Hex/Ice        12%        N/A       19%         2
b - Dazzling Flash        Conj/Hex       12%        N/A       34%         3

Your spell library contained the following spells:

 Spells                   Type           Power      Damage    Failure   Level
 Confusing Touch          Hex            10%        N/A       19%         3
 Tukima's Dance           Hex            10%        N/A       19%         3


Dungeon Overview and Level Annotations

Branches:
Dungeon (3/15)

Altars:

Annotations:
D:3 Robin


Innate Abilities, Weirdness & Mutations

You are a filthy swine.
You move quickly.
Your equipment is almost entirely melded.
You are incapable of wielding weapons or throwing items.
You cannot cast spells.
((You have extremely sharp teeth.))
Your natural rate of healing is unusually fast.
When hurt, damage is shared between your health and your magic reserves.
((Your bite disrupts and absorbs the magic of your enemies.))
Potions cannot restore your health.


Message History

Confirm with . or Enter, or press ? or * to list all spells.
Aiming: Ensorcelled Hibernation (safe; 19% risk of failure)
Press: ? - help, Shift-Dir - straight line, f/p - Robin
Aim: Robin, wielding a +1 spear of flaming, wearing a +0 animal skin, wearing a +0 helmet and carrying a wand of polymorph (lightly wounded, chance to affect: 49%) Robin resists with some effort.
The goblin hits you but does no damage.
Robin zaps a wand.
You turn into a filthy swine.
Your +2 rapier of venom melds into your body.
Your scarf of invisibility melds into your body.
The +3 pair of mountain boots {steadfast, rC+} melds into your body.
Your +1 robe melds into your body.
Your +2 rapier of venom stops dripping with poison.
You hit the goblin but do no damage.
The goblin no longer looks unusually strong.
The goblin hits you with a +0 club.
You barely miss the goblin. The goblin closely misses you.
Robin roars a battlecry!
The goblin goes into a battle-frenzy!
You hit the goblin.
The goblin is severely wounded.
The goblin hits you with a +0 club.
Robin hits you with a +1 spear of flaming.
Robin burns you.
You completely miss the goblin.
The goblin is severely wounded.
The goblin misses you. Robin barely misses you.
You completely miss the goblin.
The goblin is severely wounded.
The goblin misses you.
Robin roars a battlecry!
You closely miss the goblin.
The goblin is severely wounded.
Your transformation is almost over.
The goblin hits you with a +0 club!
* * * LOW HITPOINT WARNING * * *
Your magical contamination has completely faded away.
You hit the goblin.
You kill the goblin!
Robin hits you with a +1 spear of flaming.
You die...
Robin calls out, "Let's celebrate!
Time for a feast!"

### #.#
#.###################
#..............)hgg.#
#.################g##
#.# .# #.# g# #.# .#
#.### g# #...# g#
.#### g# ....#


You could see Robin, a hobgoblin (strong) and a goblin (strong).

Vanquished Creatures
  An adder (D:3)
  2 dart slugs (D:1)
  4 bats
  4 endoplasms
  4 giant cockroaches
  2 goblins (D:3)
  5 hobgoblins
  4 jackals (D:1)
  2 ball pythons (D:2)
  2 frilled lizards (D:1)
  3 kobolds
  6 rats
39 creatures vanquished.

Notes
Turn   | Place    | Note
-------+----------+-------------------------------------------
     0 | D:1      | elagabalus the Vine Stalker Enchanter began the quest for
                  | the Orb.
     0 | D:1      | Reached XP level 1. HP: 9/9 MP: 4/4
    35 | D:1      | Reached skill level 1 in Short Blades
    72 | D:1      | Reached skill level 4 in Stealth
    85 | D:1      | Reached XP level 2. HP: 13/13 MP: 6/6
   247 | D:1      | Learned a level 2 spell: Ensorcelled Hibernation
   305 | D:1      | Reached XP level 3. HP: 13/16 MP: 5/7
   330 | D:1      | Learned a level 3 spell: Dazzling Flash
   477 | D:2      | Identified 2 scrolls of acquirement
   477 | D:2      | Acquired the +3 pair of mountain boots {steadfast, rC+}
   477 | D:2      | Found the +3 pair of mountain boots {steadfast, rC+}
   485 | D:2      | Acquired a +1 rapier of venom
  1158 | D:3      | Noticed Robin
  1176 | D:3      | Slain by Robin

Illustrated notes

Levels and vault maps discovered:
D:1:      dpeg_arrival_tiny_h, layout_rooms
D:2:      layout_loops_ring
D:3:      layout_basic, tgw_kikubaaqudgha,
          nicolae_hepliaklqana_monster_ancestors, uniq_ijyb, uniq_robin

Skill      XL: |  1  2  3 |
---------------+----------+-----
Short Blades   | 1 2 3 |  3.0
Stealth        | 4 |  4.0
Dodging        | |  1.5
Spellcasting   | |  2.1
Hexes          | |  3.0

Action                     || total
---------------------------++-------
  Melee: Dagger            ||    61
         Bite              ||    17
         Rapier            ||    24
         Unarmed           ||     7
   Cast: Ensorcelled Hiber ||    11
    Use: Scroll            ||     7
   Stab: Sleeping          ||    10
         Distracted        ||     1
 Armour: Robe              ||    64
         Skin              ||     5
  Dodge: Dodged            ||    62

Table legend: (Time is in decaauts)
 A = Elapsed time spent in this place.
 B = Non-inter-level travel time spent in this place.
 C = Inter-level travel time spent in this place.
 D = Time resting spent in this place.
 E = Time spent auto-exploring this place.
 F = Levels seen in this place.
 G = Mean time per level.
                   A        B        C        D        E       F      G
               +--------+--------+--------+--------+--------+-----+--------+
         Total |   1172 |   1172 |      0 |      0 |      0 |   3 |  390.7 |
       Dungeon |   1172 |   1172 |      0 |      0 |      0 |   3 |  390.7 |
               +--------+--------+--------+--------+--------+-----+--------+

Top non-repeatable levels by time:
     D:2: 617 daAuts
     D:1: 440 daAuts
     D:3: 114 daAuts
